 Dungeon Crawl Stone Soup version 0.16-a0-3589-g642d6c3 (webtiles) character file.

7621 Minkie the Carver (level 10, -1/93 HPs)
             Began as a Red Draconian Fighter on Jan 11, 2015.
             Was a High Priest of Okawaru.
             Slain by a minotaur
             ... wielding a +2 great sword of slicing
              (10 damage)
             ... in a labyrinth.
             The game lasted 00:48:16 (11285 turns).

Minkie the Carver (Red Draconian Fighter)          Turns: 11285, Time: 00:48:16

Health: -1/93      AC: 10    Str: 19    XL:     10   Next: 98%
Magic:  5/10       EV: 11    Int: 11    God:    Okawaru [*****.]
Gold:   503        SH:  9    Dex: 11    Spells: 0 memorised, 9 levels left

rFire  + + .     SeeInvis .     l - +2 falchion (holy)
rCold  . . .     Clarity  .     (armour unavailable)
rNeg   + . .     SustAb   .     c - +0 shield
rPois  .         Gourm    .     (helmet restricted)
rElec  .         Spirit   .     (no cloak)
rCorr  .         Warding  +     b - +1 pair of gloves
rMut   .         Stasis   .     a - +0 pair of boots {Stlth+}
MR     +....                    n - amulet of warding
Stlth  ++........               K - ring of protection from magic
                                x - ring of protection from fire

@: finesse, somewhat resistant to hostile enchantments, unstealthy
A: breathe fire, unfitting armour, fire resistance 1, cold-blooded, AC +7
a: Breathe Fire, Heroism, Finesse, Renounce Religion


You were in a labyrinth.
You worshipped Okawaru.
Okawaru was extremely pleased with you.
You were hungry.

You visited 3 branches of the dungeon, and saw 10 of its levels.
You also visited: Labyrinth.

You collected 503 gold pieces.

Inventory:

Hand weapons
 l - a +2 falchion of holy wrath (weapon)
 w - a +1 blowgun
Missiles
 t - 2 javelins (quivered)
 z - 17 poisoned needles
Armour
 a - a +0 pair of boots of stealth (worn)
 b - a +1 pair of gloves (worn)
 c - a +0 shield (worn)
Jewellery
 d - an uncursed ring of see invisible
 n - an amulet of warding (around neck)
 x - a ring of protection from fire (left hand)
 K - a ring of protection from magic (right hand)
Magical devices
 C - a wand of disintegration (11)
Scrolls
 e - a scroll of fear
 g - 3 scrolls of remove curse
 h - 2 scrolls of teleportation
 p - 4 scrolls of identify
Potions
 k - 2 potions of ambrosia
 o - 3 potions of curing
 D - 7 potions of restore abilities
 H - 2 potions of resistance
Comestibles
 f - 6 bread rations
 m - 4 fruits
 E - 3 beef jerkies
 G - 4 meat rations


   Skills:
 - Level 10.0 Fighting
 + Level 13.2 Long Blades
 + Level 4.5 Dodging
 + Level 4.8 Shields


You had 9 spell levels left.
You didn't know any spells.

Dungeon Overview and Level Annotations

Branches:
Dungeon (8/15)             Temple (1/1) D:4            Lair (1/8) D:8

Altars:
Ashenzari
Cheibriados
Dithmenos
Elyvilon
Fedhas
Gozag
Kikubaaqudgha
Makhleb
Nemelex Xobeh
Okawaru
Qazlal
Ru
Sif Muna
Trog
Vehumet
Xom
Yredelemnul
Zin
The Shining One


Innate Abilities, Weirdness & Mutations

You can breathe blasts of fire.
Your fiery red scales are hard (AC +7).
Your body does not fit into most forms of armour.
Your flesh is heat resistant.
Your cold-blooded metabolism reacts poorly to cold.


Message History

You hit the minotaur.
The minotaur is moderately wounded.
You hit the minotaur.
The minotaur is heavily wounded.
You slash the minotaur!
The minotaur is heavily wounded.
The minotaur hits you with a great sword of slicing!!
* * * LOW HITPOINT WARNING * * *
x2 The minotaur gores you but does no damage.
You slash the minotaur!
You tail-slap the minotaur, but do no damage.
The minotaur is severely wounded.
You barely miss the minotaur.
The minotaur is severely wounded.
You slash the minotaur!
The minotaur is almost dead.
You hit the minotaur. You tail-slap the minotaur.
The minotaur is almost dead.
The minotaur completely misses you. The minotaur gores you!
You die...

# . .#. # # .. .
#..###### ######
##
#..#....H#....<#
. . . ..###
#.@.# #
.##.#.....#(# .
........#.#.##
.# #### # ...#..
..# . # #..#
####### . .#.
.#.# ..#.
..#.#### # #
###. #. ..#
#...# .#.▓ ▓


You could see a minotaur.

Vanquished Creatures
  The ghost of monkeypoo the Destroyer, an experienced DsWz of Vehumet (D:8)
  Maurice (D:8)
  2 trolls (D:8)
  Prince Ribbit (D:7)
  A minotaur skeleton (Lab)
  2 hungry ghosts
  Eustachio (D:7)
  3 yaks (D:6)
  2 shadows (Lab)
  A hippogriff (Lair:1)
  4 wolves (D:8)
  3 water moccasins
  2 sky beasts (D:7)
  2 porcupines (Lair:1)
  3 orc warriors (D:7)
  6 ogres
  3 phantoms
  A necrophage (D:8)
  An eye of draining (D:7)
  The ghost of aori the Sneak, an average HEWn (D:3)
  A centaur (D:6)
  4 giant frogs
  A gnoll sergeant (D:7)
  2 scorpions
  3 killer bees (D:6)
  3 electric eels (D:8)
  A goliath beetle (D:6)
  A jelly (D:8)
  8 hounds
  An iguana (D:7)
  A crimson imp (D:7)
  8 orc priests
  A giant frog skeleton (D:7)
  15 orc wizards
  6 worker ants
  Ijyb (D:3)
  A hound skeleton (D:4)
  5 adders
  3 gnolls (D:7)
  A worker ant zombie (D:7)
  3 river rats (D:7)
  7 shadow imps
  3 white imps (D:7)
  A giant mite (D:2)
  4 worms
  An ufetubus (D:7)
  2 adder skeletons
  An adder zombie (D:8)
  7 giant geckos
  An ooze (D:2)
  46 orcs
  15 bats
  A bat skeleton (D:8)
  15 hobgoblins
  16 jackals
  3 quokkas
  2 ball pythons
  5 giant cockroaches
  2 giant newts
  11 goblins
  10 kobolds
  A quokka skeleton (D:4)
  13 rats
  6 ballistomycetes (D:7)
  A butterfly (D:7)
285 creatures vanquished.

Vanquished Creatures (others)
  A sky beast (D:5)
  An orc (D:8)
  A giant spore (D:7)
  4 ballistomycetes (D:7)
7 creatures vanquished.

Grand Total: 292 creatures vanquished

Notes
Turn   | Place    | Note
--------------------------------------------------------------
     0 | D:1      | Minkie, the Draconian Fighter, began the quest for the Orb.
     0 | D:1      | Reached XP level 1. HP: 19/19 MP: 1/1
   250 | D:1      | Reached XP level 2. HP: 23/26 MP: 2/2
   877 | D:2      | Found a glowing golden altar of the Shining One.
  1026 | D:2      | Reached XP level 3. HP: 29/31 MP: 3/3
  1292 | D:2      | Reached XP level 4. HP: 31/38 MP: 4/4
  1293 | D:2      | Reached skill level 4 in Long Blades
  2166 | D:3      | Noticed Ijyb
  2194 | D:3      | Killed Ijyb
  2194 | D:3      | Reached XP level 5. HP: 37/45 MP: 5/5
  2384 | D:3      | Noticed aori's ghost (average HEWn)
  2395 | D:3      | Killed aori's ghost
  2395 | D:3      | Reached skill level 5 in Long Blades
  2620 | D:4      | Reached skill level 6 in Long Blades
  2620 | D:4      | Reached XP level 6. HP: 47/51 MP: 6/6
  2634 | D:4      | Noticed a phantom
  2671 | D:4      | Killed a phantom
  2685 | D:4      | Found a staircase to the Ecumenical Temple.
  2710 | Temple   | Entered the Ecumenical Temple
  2727 | Temple   | Became a worshipper of Warmaster Okawaru
  3014 | D:4      | Noticed an ogre
  3024 | D:4      | Killed an ogre
  3024 | D:4      | Reached skill level 7 in Long Blades
  3236 | D:4      | Your scales start taking on a fiery red colour.
  3236 | D:4      | Gained mutation: Your flesh is heat resistant. [draconian maturity]
  3236 | D:4      | Reached XP level 7. HP: 43/57 MP: 7/7
  3319 | D:4      | Noticed an ogre
  3327 | D:4      | Killed an ogre
  3653 | D:5      | Entered Level 5 of the Dungeon
  3660 | D:5      | Reached skill level 8 in Long Blades
  3665 | D:5      | Found a shimmering altar of Xom.
  3775 | D:5      | Acquired Okawaru's first power
  3797 | D:5      | Found a shadowy altar of Dithmenos.
  3857 | D:5      | Found a sparkling altar of Nemelex Xobeh.
  4022 | D:5      | Found a glowing silver altar of Zin.
  4131 | D:5      | Reached skill level 9 in Long Blades
  4838 | D:6      | Reached XP level 8. HP: 45/63 MP: 8/8
  4853 | D:6      | HP: 3/63 [something (2)]
  4856 | D:6      | HP: 1/94 [something (2)]
  5555 | D:6      | Found a blossoming altar of Fedhas.
  5614 | D:6      | Reached skill level 10 in Long Blades
  6002 | D:6      | Reached skill level 5 in Fighting
  6211 | D:6      | Reached XP level 9. HP: 58/75 MP: 9/9
  6448 | D:6      | Noticed a yak
  6448 | D:6      | Noticed a yak
  6450 | D:6      | Noticed a yak
  6466 | D:6      | Killed a yak
  6466 | D:6      | Reached skill level 11 in Long Blades
  6484 | D:6      | Killed a yak
  6603 | D:6      | Killed a yak
  6795 | D:7      | Noticed Eustachio
  7157 | D:7      | Noticed Prince Ribbit
  7203 | D:7      | Killed Prince Ribbit
  8217 | D:7      | Reached skill level 12 in Long Blades
  8466 | D:7      | Killed Eustachio
  8466 | D:7      | Reached XP level 10. HP: 81/90 MP: 10/10
  8889 | D:7      | Found a shimmering altar of Xom.
  9165 | D:8      | Noticed monkeypoo's ghost (experienced DsWz)
  9187 | D:8      | Killed monkeypoo's ghost
  9301 | D:8      | Found a bloodstained altar of Trog.
  9363 | D:8      | Noticed Maurice
  9398 | D:8      | Killed Maurice
  9697 | D:8      | Found a staircase to the Lair.
 10087 | D:8      | Reached skill level 10 in Fighting
 10362 | D:8      | Reached skill level 13 in Long Blades
 10645 | D:8      | Found a stormy altar of Qazlal.
 10710 | Lair:1   | Entered Level 1 of the Lair of Beasts
 10723 | Lair:1   | Acquired Okawaru's second power
 10809 | Lair:1   | Found a labyrinth entrance.
 10840 | Lab      | Entered a labyrinth
 11268 | Lab      | Noticed a minotaur
 11285 | Lab      | Slain by a minotaur

Action                   |  1- 3 |  4- 6 |  7- 9 | 10-12 || total
-------------------------+-------+-------+-------+-------++-------
Melee: Long sword        |   132 |   219 |   277 |       ||   628
       Falchion          |       |       |   307 |   324 ||   631
Invok: Finesse           |       |       |       |     1 ||     1
 Abil: Breathe Fire      |       |       |    26 |    12 ||    38
  Use: Potion            |       |     1 |     2 |     2 ||     5
       Scroll            |       |     7 |    11 |     3 ||    21
 Stab: Sleeping          |     1 |       |       |       ||     1
  Eat: Chunk             |     1 |     7 |    22 |    12 ||    42
       Fruit             |       |       |     1 |     2 ||     3
